[ PARTIDA AOE2 · #483681964 ]
Team RMRomanos vs Ethiopians
[ ANÁLISIS DE REPETICIÓN · EXTRAÍDO DE LA PARTIDA GRABADA ]
Feudal
—
Castillos
—
Imperial
—
| APM promedio | 28.9 |
| APM pico | 74 |
| eAPM promedio | 20.1 |
| Aldeanos / militares | 98 / 122 |
Foco
⚔️ 32.4% · 🌾 67.6%
Spearman ×49 · Militia ×23 · Centurion ×23 · Battering Ram ×12 · Mangonel ×12 · Fishing Ship ×7
Feudal
14:30
Castillos
20:31
Imperial
33:32
| APM promedio | 14.3 |
| APM pico | 33 |
| eAPM promedio | 10.7 |
| Aldeanos / militares | 83 / 74 |
Foco
⚔️ 28.0% · 🌾 72.0%
Skirmisher ×42 · Spearman ×12 · Mangonel ×8 · Shotel Warrior ×5 · Bombard Cannon ×4 · Trebuchet (Packed) ×2
Feudal
10:31
Castillos
17:52
Imperial
30:36
| APM promedio | 15.5 |
| APM pico | 44 |
| eAPM promedio | 11.2 |
| Aldeanos / militares | 139 / 113 |
Foco
⚔️ 17.9% · 🌾 82.1%
Camel Scout ×62 · Camel Archer ×42 · Trade Cart ×14 · Fishing Ship ×9 · Trebuchet (Packed) ×5 · Monk ×3
Feudal
11:39
Castillos
17:21
Imperial
31:06
| APM promedio | 15.1 |
| APM pico | 31 |
| eAPM promedio | 12.4 |
| Aldeanos / militares | 123 / 148 |
Foco
⚔️ 25.2% · 🌾 74.8%
Knight ×92 · Scout Cavalry ×15 · Coustillier ×14 · Hand Cannoneer ×10 · Trade Cart ×8 · Bombard Cannon ×6
Feudal
12:58
Castillos
17:15
Imperial
39:20
| APM promedio | 25.1 |
| APM pico | 48 |
| eAPM promedio | 18.7 |
| Aldeanos / militares | 170 / 142 |
Foco
⚔️ 30.0% · 🌾 70.0%
Spearman ×96 · Hussite Wagon ×26 · Bombard Cannon ×11 · Battering Ram ×4 · Mangonel ×3 · Monk ×1
Feudal
12:13
Castillos
19:56
Imperial
37:28
| APM promedio | 18.0 |
| APM pico | 45 |
| eAPM promedio | 14.0 |
| Aldeanos / militares | 125 / 106 |
Foco
⚔️ 27.0% · 🌾 73.0%
Conquistador ×54 · Bombard Cannon ×19 · Trade Cart ×15 · Spearman ×12 · Battering Ram ×8 · Monk ×7
Mapa de la partida
Recursos al inicio + cada clic de construcción. Línea gruesa = muro · recuadro discontinuo = muro de casas detectado. 🟡 oro · ⚪ piedra · 🟢 bayas · 🔶 jabalí · ⭕ reliquia
Inputs por minuto
— SuperVilla2000 - - Argetlamrvc
Build order — SuperVilla2000
Primeras 150 de 368 acciones detectadas
| 0:02 | Investigar | Loom |
| 0:05 | Construir | House |
| 0:06 | Crear | Villager (Male) |
| 0:06 | Crear | Villager (Male) |
| 0:06 | Crear | Villager (Male) |
| 0:15 | Construir | Palisade Wall |
| 0:18 | Crear | Villager (Male) |
| 0:18 | Crear | Villager (Male) |
| 0:30 | Construir | House |
| 1:59 | Crear | Villager (Male) |
| 1:59 | Crear | Villager (Male) |
| 1:59 | Crear | Villager (Male) |
| 2:25 | Construir | House |
| 2:48 | Crear | Villager (Male) |
| 2:48 | Crear | Villager (Male) |
| 2:48 | Crear | Villager (Male) |
| 3:49 | Crear | Villager (Male) |
| 3:49 | Crear | Villager (Male) |
| 3:49 | Crear | Villager (Male) |
| 4:01 | Crear | Villager (Male) |
| 4:01 | Crear | Villager (Male) |
| 4:02 | Crear | Villager (Male) |
| 4:02 | Crear | Villager (Male) |
| 4:22 | Construir | House |
| 4:28 | Construir | Lumber Camp |
| 4:30 | Crear | Villager (Male) |
| 4:30 | Crear | Villager (Male) |
| 4:31 | Crear | Villager (Male) |
| 4:38 | Crear | Villager (Male) |
| 4:38 | Crear | Villager (Male) |
| 4:38 | Crear | Villager (Male) |
| 5:34 | Crear | Villager (Male) |
| 5:57 | Crear | Villager (Male) |
| 6:14 | Crear | Villager (Male) |
| 6:44 | Crear | Villager (Male) |
| 7:20 | Construir | House |
| 7:30 | Crear | Villager (Male) |
| 7:37 | Construir | Mill |
| 8:01 | Crear | Villager (Male) |
| 8:21 | Construir | Lumber Camp |
| 8:28 | Crear | Villager (Male) |
| 8:55 | Crear | Villager (Male) |
| 9:28 | Crear | Villager (Male) |
| 9:45 | Investigar | Feudal Age |
| 10:02 | Construir | Mill |
| 10:56 | Construir | Dock |
| 11:26 | Crear | Villager (Male) |
| 11:34 | Construir | Mill |
| 11:46 | Crear | Villager (Male) |
| 12:06 | Investigar | Double-Bit Axe |
| 12:15 | Construir | Market |
| 12:39 | Crear | Fishing Ship |
| 12:49 | Construir | Blacksmith |
| 13:03 | Construir | House |
| 13:07 | Crear | Villager (Male) |
| 13:15 | Construir | Mining Camp |
| 13:20 | Crear | Villager (Male) |
| 13:31 | Crear | Villager (Male) |
| 13:43 | Crear | Fishing Ship |
| 13:45 | Crear | Villager (Male) |
| 14:09 | Crear | Villager (Male) |
| 14:30 | Construir | House |
| 14:34 | Construir | Farm |
| 14:35 | Construir | Farm |
| 14:36 | Construir | Farm |
| 14:38 | Investigar | Horse Collar |
| 14:59 | Crear | Villager (Male) |
| 15:04 | Construir | Farm |
| 15:10 | Construir | Farm |
| 15:15 | Crear | Demolition Raft |
| 15:21 | Construir | Farm |
| 15:36 | Crear | Villager (Male) |
| 15:40 | Construir | Farm |
| 16:05 | Construir | Farm |
| 16:16 | Crear | Fishing Ship |
| 16:24 | Investigar | Castle Age |
| 16:32 | Construir | Barracks |
| 16:35 | Construir | House |
| 16:37 | Construir | Mining Camp |
| 16:56 | Crear | Fishing Ship |
| 17:04 | Investigar | Forging |
| 17:19 | Crear | Fishing Ship |
| 17:28 | Investigar | Scale Mail Armor |
| 17:32 | Investigar | Man-at-Arms (upgrade) |
| 18:01 | Crear | Fishing Ship |
| 18:30 | Construir | Fish Trap |
| 18:53 | Investigar | Tech 906 |
| 19:02 | Construir | Fish Trap |
| 19:07 | Investigar | Long Swordsman (upgrade) |
| 19:08 | Investigar | Squires |
| 19:17 | Construir | Siege Workshop |
| 19:25 | Investigar | Bow Saw |
| 19:35 | Crear | Villager (Male) |
| 19:35 | Crear | Villager (Male) |
| 19:46 | Crear | Militia |
| 19:58 | Crear | Villager (Male) |
| 19:59 | Crear | Villager (Male) |
| 19:59 | Crear | Villager (Male) |
| 20:09 | Crear | Battering Ram |
| 20:23 | Construir | Town Center |
| 20:25 | Crear | Villager (Male) |
| 20:30 | Crear | Militia |
| 20:41 | Crear | Militia |
| 20:44 | Construir | House |
| 20:47 | Construir | House |
| 20:58 | Investigar | Wheelbarrow |
| 21:14 | Investigar | Gillnets |
| 21:19 | Crear | Militia |
| 21:42 | Crear | Battering Ram |
| 21:44 | Crear | Militia |
| 21:53 | Crear | Fishing Ship |
| 22:04 | Construir | Fish Trap |
| 22:08 | Crear | Villager (Male) |
| 22:15 | Crear | Villager (Male) |
| 22:18 | Crear | Militia |
| 22:20 | Crear | Battering Ram |
| 22:45 | Construir | Fish Trap |
| 22:54 | Construir | Fish Trap |
| 23:21 | Construir | Fish Trap |
| 23:25 | Investigar | Hand Cart |
| 23:26 | Crear | Villager (Male) |
| 23:27 | Crear | Villager (Male) |
| 23:30 | Crear | Villager (Male) |
| 23:50 | Construir | Castle |
| 23:52 | Crear | Battering Ram |
| 23:52 | Crear | Battering Ram |
| 23:59 | Crear | Militia |
| 23:59 | Crear | Militia |
| 23:59 | Crear | Militia |
| 24:16 | Crear | Militia |
| 24:19 | Crear | Battering Ram |
| 24:47 | Construir | House |
| 24:48 | Construir | Farm |
| 24:49 | Construir | Farm |
| 24:51 | Crear | Villager (Male) |
| 24:51 | Crear | Villager (Male) |
| 24:53 | Crear | Villager (Male) |
| 24:54 | Crear | Villager (Male) |
| 25:04 | Investigar | Heavy Plow |
| 25:12 | Crear | Militia |
| 25:17 | Construir | Barracks |
| 25:24 | Crear | Centurion |
| 26:01 | Construir | Farm |
| 26:01 | Construir | Farm |
| 26:05 | Crear | Villager (Male) |
| 26:58 | Construir | Barracks |
| 27:26 | Crear | Militia |
| 27:26 | Crear | Militia |
| 27:31 | Investigar | Chain Mail Armor |
| 27:36 | Crear | Militia |
Build order — Argetlamrvc
Primeras 150 de 283 acciones detectadas
| 0:05 | Crear | Villager (Male) |
| 0:06 | Investigar | Loom |
| 0:06 | Crear | Villager (Male) |
| 0:06 | Crear | Villager (Male) |
| 0:07 | Crear | Villager (Male) |
| 0:19 | Construir | House |
| 1:05 | Construir | Palisade Wall |
| 2:09 | Construir | House |
| 2:11 | Construir | House |
| 2:13 | Construir | House |
| 2:57 | Crear | Villager (Male) |
| 3:23 | Crear | Villager (Male) |
| 4:03 | Crear | Villager (Male) |
| 4:32 | Crear | Villager (Male) |
| 4:45 | Construir | Lumber Camp |
| 5:10 | Crear | Villager (Male) |
| 5:24 | Crear | Villager (Male) |
| 6:40 | Crear | Villager (Male) |
| 7:11 | Crear | Villager (Male) |
| 7:39 | Crear | Villager (Male) |
| 7:39 | Crear | Villager (Male) |
| 7:40 | Crear | Villager (Male) |
| 8:09 | Crear | Villager (Male) |
| 8:20 | Crear | Villager (Male) |
| 9:25 | Crear | Villager (Male) |
| 9:26 | Crear | Villager (Male) |
| 9:26 | Crear | Villager (Male) |
| 9:39 | Construir | Mill |
| 10:50 | Crear | Villager (Male) |
| 10:50 | Crear | Villager (Male) |
| 10:51 | Crear | Villager (Male) |
| 11:05 | Construir | House |
| 11:14 | Construir | Mining Camp |
| 11:29 | Construir | Farm |
| 11:31 | Construir | Farm |
| 11:32 | Construir | Farm |
| 12:16 | Construir | Farm |
| 12:18 | Construir | Farm |
| 12:20 | Investigar | Feudal Age |
| 12:49 | Construir | Farm |
| 13:45 | Crear | Villager (Male) |
| 13:45 | Crear | Villager (Male) |
| 14:30 | Edad | Edad Feudal |
| 14:41 | Construir | Stone Wall |
| 14:44 | Construir | Stone Wall |
| 14:47 | Construir | Building 487 |
| 15:18 | Construir | Market |
| 15:22 | Crear | Villager (Male) |
| 15:23 | Crear | Villager (Male) |
| 15:23 | Crear | Villager (Male) |
| 15:31 | Construir | Blacksmith |
| 15:49 | Construir | House |
| 15:52 | Construir | House |
| 16:50 | Crear | Villager (Male) |
| 16:51 | Crear | Villager (Male) |
| 16:54 | Investigar | Double-Bit Axe |
| 17:03 | Investigar | Horse Collar |
| 17:29 | Construir | Mining Camp |
| 17:40 | Construir | Farm |
| 17:43 | Construir | Farm |
| 17:51 | Investigar | Castle Age |
| 18:09 | Construir | Farm |
| 18:12 | Construir | Farm |
| 18:14 | Construir | Farm |
| 18:32 | Investigar | Gold Mining |
| 18:55 | Investigar | Stone Mining |
| 19:06 | Crear | Trade Cart |
| 19:32 | Crear | Villager (Male) |
| 19:32 | Crear | Villager (Male) |
| 19:32 | Crear | Villager (Male) |
| 19:40 | Crear | Villager (Male) |
| 19:40 | Crear | Villager (Male) |
| 20:31 | Edad | Edad de los Castillos |
| 20:34 | Construir | Town Center |
| 20:56 | Investigar | Heavy Plow |
| 20:59 | Investigar | Bow Saw |
| 21:19 | Crear | Villager (Male) |
| 21:19 | Crear | Villager (Male) |
| 21:20 | Crear | Villager (Male) |
| 21:31 | Construir | Farm |
| 21:32 | Construir | Farm |
| 21:34 | Construir | Farm |
| 21:48 | Construir | Farm |
| 21:52 | Construir | Farm |
| 21:57 | Crear | Villager (Male) |
| 21:57 | Crear | Villager (Male) |
| 21:58 | Investigar | Town Watch |
| 22:29 | Investigar | Wheelbarrow |
| 22:54 | Investigar | Fletching |
| 23:05 | Investigar | Bow Saw |
| 23:11 | Construir | House |
| 23:12 | Construir | House |
| 23:14 | Construir | House |
| 23:15 | Construir | House |
| 23:19 | Construir | House |
| 23:26 | Investigar | Bodkin Arrow |
| 23:40 | Crear | Villager (Male) |
| 23:40 | Crear | Villager (Male) |
| 23:41 | Crear | Villager (Male) |
| 23:52 | Crear | Villager (Male) |
| 24:05 | Construir | University |
| 24:10 | Construir | Farm |
| 24:14 | Crear | Villager (Male) |
| 24:14 | Crear | Villager (Male) |
| 24:33 | Crear | Villager (Male) |
| 24:59 | Construir | Town Center |
| 25:16 | Construir | Monastery |
| 25:38 | Construir | Farm |
| 25:41 | Construir | Farm |
| 25:43 | Construir | Farm |
| 25:47 | Construir | Farm |
| 25:57 | Crear | Villager (Male) |
| 25:58 | Crear | Villager (Male) |
| 26:01 | Crear | Villager (Male) |
| 26:01 | Crear | Villager (Male) |
| 26:09 | Crear | Monk |
| 26:23 | Construir | Siege Workshop |
| 26:40 | Investigar | Fortified Wall (upgrade) |
| 26:41 | Investigar | Murder Holes |
| 26:52 | Crear | Villager (Male) |
| 26:53 | Crear | Villager (Male) |
| 26:53 | Crear | Villager (Male) |
| 26:53 | Crear | Villager (Male) |
| 26:54 | Crear | Villager (Male) |
| 27:12 | Crear | Mangonel |
| 27:16 | Crear | Mangonel |
| 27:50 | Investigar | Hand Cart |
| 27:57 | Investigar | Ballistics |
| 28:12 | Crear | Villager (Male) |
| 28:12 | Crear | Villager (Male) |
| 28:17 | Crear | Villager (Male) |
| 28:17 | Crear | Villager (Male) |
| 29:43 | Construir | Castle |
| 30:07 | Construir | House |
| 30:08 | Construir | House |
| 30:09 | Construir | House |
| 30:10 | Construir | House |
| 30:11 | Construir | House |
| 30:13 | Construir | House |
| 30:17 | Construir | Mining Camp |
| 30:21 | Investigar | Imperial Age |
| 30:33 | Crear | Mangonel |
| 30:37 | Investigar | Masonry |
| 30:55 | Investigar | Town Patrol |
| 31:16 | Construir | Farm |
| 31:17 | Construir | Farm |
| 31:18 | Construir | Farm |
| 31:18 | Construir | Farm |
| 31:36 | Construir | Farm |
| 31:37 | Construir | Farm |
Build order — SADECE ÖLÜLER GÖRÜR
Primeras 150 de 360 acciones detectadas
| 0:04 | Construir | House |
| 0:08 | Construir | House |
| 0:10 | Crear | Villager (Male) |
| 0:10 | Crear | Villager (Male) |
| 0:10 | Crear | Villager (Male) |
| 0:10 | Crear | Villager (Male) |
| 0:31 | Investigar | Loom |
| 0:50 | Construir | House |
| 0:51 | Construir | House |
| 1:39 | Crear | Villager (Male) |
| 1:50 | Construir | Lumber Camp |
| 2:21 | Crear | Villager (Male) |
| 2:22 | Crear | Villager (Male) |
| 2:56 | Crear | Villager (Male) |
| 2:56 | Crear | Villager (Male) |
| 2:56 | Crear | Villager (Male) |
| 3:37 | Crear | Villager (Male) |
| 4:10 | Crear | Villager (Male) |
| 4:10 | Crear | Villager (Male) |
| 4:17 | Crear | Villager (Male) |
| 5:49 | Crear | Villager (Male) |
| 6:05 | Crear | Villager (Male) |
| 6:16 | Crear | Villager (Male) |
| 6:52 | Crear | Villager (Male) |
| 7:02 | Construir | Dock |
| 7:05 | Crear | Villager (Male) |
| 7:14 | Construir | Mill |
| 7:56 | Crear | Villager (Male) |
| 8:16 | Investigar | Feudal Age |
| 8:48 | Construir | Mining Camp |
| 8:58 | Construir | House |
| 9:28 | Crear | Fishing Ship |
| 9:50 | Construir | House |
| 9:54 | Crear | Villager (Male) |
| 9:55 | Crear | Villager (Male) |
| 10:24 | Construir | Mining Camp |
| 10:31 | Edad | Edad Feudal |
| 10:35 | Crear | Villager (Male) |
| 10:36 | Crear | Villager (Male) |
| 11:05 | Crear | Demolition Raft |
| 11:09 | Crear | Fishing Ship |
| 11:43 | Crear | Villager (Male) |
| 11:52 | Crear | Fishing Ship |
| 12:38 | Construir | Blacksmith |
| 12:42 | Crear | Villager (Male) |
| 12:42 | Crear | Villager (Male) |
| 13:19 | Crear | Villager (Male) |
| 13:25 | Construir | House |
| 13:46 | Construir | Market |
| 13:49 | Crear | Villager (Male) |
| 14:10 | Crear | Fishing Ship |
| 14:21 | Crear | Villager (Male) |
| 14:32 | Crear | Villager (Male) |
| 14:39 | Crear | Fishing Ship |
| 15:00 | Construir | House |
| 15:04 | Investigar | Castle Age |
| 15:29 | Construir | Farm |
| 15:30 | Construir | Farm |
| 15:31 | Construir | Farm |
| 15:40 | Construir | Farm |
| 15:46 | Construir | Farm |
| 16:02 | Crear | Villager (Male) |
| 16:17 | Construir | Farm |
| 16:24 | Construir | Fish Trap |
| 16:26 | Crear | Villager (Male) |
| 16:38 | Construir | Fish Trap |
| 16:57 | Construir | Fish Trap |
| 17:24 | Construir | Fish Trap |
| 17:39 | Construir | Fish Trap |
| 17:41 | Crear | Villager (Male) |
| 17:52 | Edad | Edad de los Castillos |
| 18:28 | Construir | Town Center |
| 18:33 | Crear | Villager (Male) |
| 18:50 | Investigar | Double-Bit Axe |
| 19:01 | Crear | Villager (Male) |
| 19:05 | Crear | Villager (Male) |
| 19:05 | Crear | Villager (Male) |
| 19:05 | Crear | Villager (Male) |
| 19:05 | Crear | Villager (Male) |
| 19:06 | Crear | Villager (Male) |
| 19:37 | Crear | Villager (Male) |
| 19:45 | Construir | Farm |
| 19:46 | Construir | Farm |
| 19:55 | Crear | Fishing Ship |
| 19:55 | Crear | Fishing Ship |
| 20:05 | Investigar | Horse Collar |
| 20:23 | Crear | Villager (Male) |
| 20:24 | Crear | Villager (Male) |
| 20:32 | Construir | House |
| 20:33 | Construir | House |
| 20:34 | Construir | House |
| 20:35 | Construir | House |
| 20:45 | Investigar | Bow Saw |
| 20:55 | Construir | Fish Trap |
| 21:05 | Crear | Villager (Male) |
| 21:06 | Crear | Villager (Male) |
| 21:27 | Construir | Fish Trap |
| 21:32 | Crear | Villager (Male) |
| 21:33 | Crear | Villager (Male) |
| 21:55 | Construir | House |
| 21:56 | Construir | House |
| 21:57 | Construir | House |
| 21:59 | Crear | Villager (Male) |
| 21:59 | Crear | Villager (Male) |
| 22:04 | Crear | Fishing Ship |
| 22:04 | Crear | Fishing Ship |
| 22:26 | Construir | University |
| 22:30 | Crear | Villager (Male) |
| 22:31 | Crear | Villager (Male) |
| 22:54 | Construir | Fish Trap |
| 22:58 | Crear | Villager (Male) |
| 22:59 | Crear | Villager (Male) |
| 23:15 | Construir | Town Center |
| 23:20 | Crear | Villager (Male) |
| 23:21 | Crear | Villager (Male) |
| 23:35 | Construir | Fish Trap |
| 23:40 | Crear | Villager (Male) |
| 23:41 | Crear | Villager (Male) |
| 23:49 | Crear | Villager (Male) |
| 23:49 | Crear | Villager (Male) |
| 23:59 | Construir | Farm |
| 24:01 | Construir | Farm |
| 24:12 | Construir | Castle |
| 24:16 | Crear | Villager (Male) |
| 24:16 | Crear | Villager (Male) |
| 24:16 | Crear | Villager (Male) |
| 24:22 | Crear | Villager (Male) |
| 24:23 | Crear | Villager (Male) |
| 24:30 | Construir | Monastery |
| 24:43 | Construir | Monastery |
| 24:52 | Crear | Villager (Male) |
| 24:52 | Crear | Villager (Male) |
| 24:53 | Crear | Villager (Male) |
| 25:06 | Crear | Monk |
| 25:25 | Crear | Villager (Male) |
| 25:25 | Crear | Villager (Male) |
| 25:38 | Investigar | Forging |
| 25:39 | Investigar | Fletching |
| 25:40 | Investigar | Padded Archer Armor |
| 25:47 | Crear | Monk |
| 25:53 | Crear | Villager (Male) |
| 26:02 | Crear | Villager (Male) |
| 26:34 | Crear | Villager (Male) |
| 26:35 | Crear | Villager (Male) |
| 26:36 | Crear | Villager (Male) |
| 26:40 | Investigar | Ballistics |
| 26:47 | Crear | Villager (Male) |
| 26:48 | Crear | Villager (Male) |
| 26:49 | Crear | Villager (Male) |
| 26:52 | Crear | Villager (Male) |
Build order — jannis
Primeras 150 de 299 acciones detectadas
| 0:01 | Crear | Villager (Male) |
| 0:01 | Crear | Villager (Male) |
| 0:03 | Construir | House |
| 0:05 | Construir | House |
| 0:25 | Crear | Villager (Male) |
| 0:40 | Crear | Villager (Male) |
| 1:25 | Crear | Villager (Male) |
| 1:59 | Construir | Lumber Camp |
| 2:01 | Crear | Villager (Male) |
| 2:31 | Crear | Villager (Male) |
| 2:59 | Crear | Villager (Male) |
| 3:19 | Crear | Villager (Male) |
| 3:47 | Crear | Villager (Male) |
| 3:52 | Construir | House |
| 4:11 | Construir | Mill |
| 4:23 | Crear | Villager (Male) |
| 4:47 | Crear | Villager (Male) |
| 5:12 | Crear | Villager (Male) |
| 5:48 | Crear | Villager (Male) |
| 6:25 | Crear | Villager (Male) |
| 6:40 | Construir | Farm |
| 6:43 | Crear | Villager (Male) |
| 6:53 | Construir | Farm |
| 7:00 | Construir | House |
| 7:03 | Investigar | Double-Bit Axe |
| 7:23 | Crear | Villager (Male) |
| 7:28 | Construir | Mining Camp |
| 7:44 | Crear | Villager (Male) |
| 8:00 | Crear | Villager (Male) |
| 8:18 | Crear | Villager (Male) |
| 8:55 | Crear | Villager (Male) |
| 9:29 | Investigar | Feudal Age |
| 9:52 | Crear | Villager (Male) |
| 10:08 | Construir | Mill |
| 10:29 | Investigar | Horse Collar |
| 10:31 | Investigar | Gold Mining |
| 11:28 | Construir | Farm |
| 11:39 | Edad | Edad Feudal |
| 11:43 | Investigar | Loom |
| 11:49 | Construir | House |
| 12:02 | Construir | House |
| 12:26 | Crear | Villager (Male) |
| 12:27 | Crear | Villager (Male) |
| 12:38 | Construir | Blacksmith |
| 13:01 | Construir | Market |
| 13:21 | Construir | Farm |
| 13:24 | Construir | Farm |
| 13:27 | Crear | Villager (Male) |
| 13:32 | Construir | Farm |
| 13:56 | Crear | Villager (Male) |
| 14:01 | Construir | Farm |
| 14:09 | Construir | Farm |
| 14:13 | Construir | Farm |
| 14:41 | Investigar | Castle Age |
| 15:02 | Investigar | Heavy Plow |
| 15:20 | Crear | Villager (Male) |
| 16:12 | Crear | Villager (Male) |
| 16:30 | Construir | Farm |
| 16:33 | Construir | Farm |
| 16:37 | Construir | Farm |
| 16:42 | Investigar | Bow Saw |
| 17:21 | Edad | Edad de los Castillos |
| 17:24 | Construir | Town Center |
| 17:48 | Investigar | Crop Rotation |
| 17:57 | Construir | Town Center |
| 18:01 | Crear | Villager (Male) |
| 18:08 | Investigar | Gold Shaft Mining |
| 18:30 | Investigar | Wheelbarrow |
| 18:54 | Construir | House |
| 19:02 | Crear | Villager (Male) ×5 |
| 19:17 | Construir | House |
| 19:19 | Construir | House |
| 19:21 | Construir | House |
| 19:23 | Construir | House |
| 19:24 | Construir | House |
| 19:26 | Construir | House |
| 19:40 | Crear | Villager (Male) |
| 19:46 | Crear | Villager (Male) |
| 19:53 | Crear | Villager (Male) |
| 19:54 | Crear | Villager (Male) |
| 20:00 | Investigar | Crop Rotation |
| 20:21 | Crear | Villager (Male) |
| 20:24 | Crear | Villager (Male) |
| 20:29 | Construir | Mining Camp |
| 20:33 | Crear | Villager (Male) |
| 20:43 | Crear | Villager (Male) |
| 20:55 | Investigar | Hand Cart |
| 20:58 | Crear | Villager (Male) |
| 21:08 | Crear | Villager (Male) |
| 21:15 | Construir | Farm |
| 21:16 | Construir | Farm |
| 21:17 | Construir | Farm |
| 21:21 | Construir | Farm |
| 21:22 | Construir | Farm |
| 21:25 | Crear | Villager (Male) |
| 21:30 | Construir | Farm |
| 21:33 | Construir | Farm |
| 21:42 | Construir | Farm |
| 21:44 | Construir | Farm |
| 21:59 | Crear | Villager (Male) |
| 21:59 | Crear | Villager (Male) |
| 22:03 | Crear | Villager (Male) |
| 22:04 | Crear | Villager (Male) |
| 22:04 | Crear | Villager (Male) |
| 22:12 | Crear | Villager (Male) |
| 22:12 | Crear | Villager (Male) |
| 22:17 | Construir | Farm |
| 22:26 | Crear | Villager (Male) |
| 22:26 | Crear | Villager (Male) |
| 22:28 | Crear | Villager (Male) |
| 22:38 | Construir | Farm |
| 22:40 | Construir | Farm |
| 22:41 | Construir | Farm |
| 22:42 | Construir | Farm |
| 22:50 | Construir | Farm |
| 23:03 | Construir | Monastery |
| 23:15 | Crear | Villager (Male) |
| 23:16 | Crear | Villager (Male) |
| 23:19 | Crear | Villager (Male) |
| 23:25 | Crear | Villager (Male) |
| 23:32 | Construir | Farm |
| 23:33 | Construir | Farm |
| 23:36 | Construir | Farm |
| 23:38 | Construir | Farm |
| 23:41 | Investigar | Two-Man Saw |
| 23:46 | Construir | Farm |
| 23:49 | Construir | Farm |
| 23:52 | Construir | Farm |
| 23:56 | Construir | Farm |
| 24:02 | Crear | Monk |
| 24:14 | Construir | Farm |
| 24:21 | Crear | Villager (Male) |
| 24:21 | Crear | Villager (Male) |
| 24:27 | Investigar | Town Watch |
| 24:28 | Crear | Villager (Male) |
| 24:28 | Crear | Villager (Male) |
| 24:29 | Crear | Villager (Male) |
| 24:29 | Crear | Villager (Male) |
| 24:30 | Crear | Villager (Male) |
| 24:50 | Investigar | Forging |
| 24:51 | Investigar | Scale Barding Armor |
| 25:04 | Investigar | Fletching |
| 25:35 | Construir | Barracks |
| 25:49 | Construir | University |
| 25:52 | Crear | Villager (Male) |
| 25:52 | Crear | Villager (Male) |
| 26:03 | Investigar | Iron Casting |
| 26:24 | Construir | Stable |
| 26:27 | Construir | Stable |
| 26:29 | Crear | Spearman |
Build order — rramacci1
Primeras 150 de 460 acciones detectadas
| 0:01 | Crear | Villager (Male) |
| 0:01 | Crear | Villager (Male) |
| 0:03 | Construir | House |
| 0:05 | Construir | House |
| 0:14 | Investigar | Loom |
| 0:15 | Crear | Villager (Male) |
| 0:26 | Crear | Villager (Male) |
| 0:33 | Construir | Palisade Wall |
| 0:34 | Crear | Villager (Male) |
| 1:57 | Construir | Palisade Wall |
| 2:12 | Crear | Villager (Male) |
| 2:47 | Crear | Villager (Male) |
| 3:09 | Crear | Villager (Male) |
| 3:37 | Crear | Villager (Male) |
| 4:02 | Crear | Villager (Male) |
| 4:02 | Crear | Villager (Male) |
| 4:18 | Construir | Lumber Camp |
| 4:29 | Crear | Villager (Male) |
| 4:56 | Construir | House |
| 5:23 | Crear | Villager (Male) |
| 5:29 | Construir | House |
| 5:47 | Crear | Villager (Male) |
| 6:02 | Crear | Villager (Male) |
| 6:03 | Crear | Villager (Male) |
| 6:25 | Crear | Villager (Male) |
| 6:45 | Construir | Mill |
| 7:00 | Crear | Villager (Male) |
| 7:02 | Crear | Villager (Male) |
| 7:02 | Crear | Villager (Male) |
| 7:07 | Construir | House |
| 8:23 | Crear | Villager (Male) |
| 8:36 | Construir | Lumber Camp |
| 8:55 | Crear | Villager (Male) |
| 8:58 | Crear | Villager (Male) |
| 8:59 | Crear | Villager (Male) |
| 9:54 | Crear | Villager (Male) |
| 10:03 | Construir | Mining Camp |
| 10:08 | Construir | Farm |
| 10:20 | Construir | Farm |
| 10:32 | Investigar | Feudal Age |
| 11:06 | Construir | Farm |
| 11:07 | Construir | Farm |
| 11:08 | Construir | Farm |
| 11:23 | Construir | Farm |
| 11:38 | Construir | Farm |
| 11:52 | Construir | Farm |
| 12:10 | Construir | Farm |
| 12:29 | Crear | Villager (Male) |
| 12:29 | Crear | Villager (Male) |
| 12:58 | Edad | Edad Feudal |
| 13:18 | Construir | Market |
| 13:19 | Construir | Blacksmith |
| 13:47 | Crear | Villager (Male) |
| 14:19 | Construir | Mining Camp |
| 14:30 | Construir | House |
| 14:35 | Investigar | Castle Age |
| 14:58 | Construir | Stone Wall |
| 15:11 | Investigar | Double-Bit Axe |
| 15:24 | Construir | House |
| 15:31 | Investigar | Horse Collar |
| 16:35 | Construir | Farm |
| 16:40 | Construir | Farm |
| 16:43 | Crear | Villager (Male) |
| 16:43 | Crear | Villager (Male) |
| 17:15 | Edad | Edad de los Castillos |
| 17:17 | Construir | Town Center |
| 17:18 | Crear | Villager (Male) |
| 17:31 | Investigar | Bow Saw |
| 17:49 | Crear | Villager (Male) |
| 17:53 | Crear | Villager (Male) |
| 18:21 | Crear | Villager (Male) |
| 18:27 | Construir | Monastery |
| 18:28 | Crear | Villager (Male) |
| 18:28 | Crear | Villager (Male) |
| 19:07 | Crear | Villager (Male) |
| 19:07 | Crear | Villager (Male) |
| 19:14 | Crear | Monk |
| 19:25 | Construir | House |
| 19:26 | Crear | Villager (Male) |
| 19:34 | Construir | Town Center |
| 19:53 | Construir | Farm |
| 19:54 | Construir | Farm |
| 20:05 | Crear | Villager (Male) |
| 20:06 | Crear | Villager (Male) |
| 20:09 | Crear | Villager (Male) |
| 20:09 | Crear | Villager (Male) |
| 20:21 | Construir | Farm |
| 20:32 | Construir | House |
| 20:33 | Construir | House |
| 20:34 | Construir | House |
| 20:35 | Construir | House |
| 20:37 | Crear | Villager (Male) |
| 20:37 | Crear | Villager (Male) |
| 20:41 | Crear | Villager (Male) |
| 20:41 | Crear | Villager (Male) |
| 20:51 | Construir | Farm |
| 21:00 | Crear | Villager (Male) |
| 21:05 | Crear | Villager (Male) |
| 21:07 | Construir | Farm |
| 21:12 | Investigar | Heavy Plow |
| 21:30 | Crear | Villager (Male) |
| 21:46 | Construir | Farm |
| 21:55 | Crear | Villager (Male) |
| 21:58 | Crear | Villager (Male) |
| 21:58 | Crear | Villager (Male) |
| 22:06 | Construir | Farm |
| 22:08 | Crear | Villager (Male) |
| 22:11 | Construir | Farm |
| 22:16 | Construir | Farm |
| 22:17 | Crear | Villager (Male) |
| 22:21 | Crear | Villager (Male) |
| 22:36 | Construir | Farm |
| 22:38 | Crear | Villager (Male) |
| 22:39 | Crear | Villager (Male) |
| 22:42 | Crear | Villager (Male) |
| 22:48 | Construir | Farm |
| 22:57 | Construir | Barracks |
| 23:02 | Construir | Barracks |
| 23:07 | Crear | Villager (Male) |
| 23:13 | Crear | Villager (Male) |
| 23:13 | Crear | Villager (Male) |
| 23:17 | Crear | Villager (Male) |
| 23:23 | Construir | Farm |
| 23:26 | Crear | Villager (Male) |
| 23:27 | Crear | Villager (Male) |
| 23:37 | Construir | House |
| 23:38 | Construir | House |
| 23:39 | Construir | House |
| 23:40 | Construir | House |
| 23:42 | Crear | Villager (Male) |
| 23:42 | Crear | Villager (Male) |
| 23:49 | Construir | Farm |
| 23:55 | Crear | Villager (Male) |
| 23:55 | Crear | Villager (Male) |
| 23:59 | Construir | Farm |
| 24:02 | Construir | Farm |
| 24:08 | Crear | Villager (Male) |
| 24:13 | Construir | Farm |
| 24:14 | Construir | Farm |
| 24:19 | Construir | Farm |
| 24:20 | Crear | Villager (Male) |
| 24:21 | Crear | Villager (Male) |
| 24:21 | Crear | Villager (Male) |
| 24:32 | Crear | Villager (Male) |
| 24:39 | Crear | Spearman |
| 24:39 | Crear | Militia |
| 24:46 | Construir | Blacksmith |
| 24:48 | Crear | Spearman |
| 24:48 | Crear | Spearman |
| 24:52 | Construir | Stone Wall |
Build order — sonhero3000
Primeras 150 de 413 acciones detectadas
| 0:01 | Crear | Villager (Male) |
| 0:02 | Crear | Villager (Male) |
| 0:02 | Crear | Villager (Male) |
| 0:02 | Crear | Villager (Male) |
| 0:05 | Construir | House |
| 0:27 | Construir | House |
| 0:28 | Construir | House |
| 1:09 | Construir | Palisade Wall |
| 1:24 | Investigar | Loom |
| 2:10 | Crear | Villager (Male) |
| 2:10 | Crear | Villager (Male) |
| 2:35 | Construir | Palisade Wall |
| 2:38 | Crear | Villager (Male) |
| 2:39 | Crear | Villager (Male) |
| 2:39 | Crear | Villager (Male) |
| 3:13 | Crear | Villager (Male) |
| 3:13 | Crear | Villager (Male) |
| 3:37 | Crear | Villager (Male) |
| 3:38 | Crear | Villager (Male) |
| 3:38 | Crear | Villager (Male) |
| 4:05 | Construir | Mill |
| 4:20 | Crear | Villager (Male) |
| 4:21 | Crear | Villager (Male) |
| 5:03 | Crear | Villager (Male) |
| 5:04 | Crear | Villager (Male) |
| 5:28 | Crear | Villager (Male) |
| 5:28 | Crear | Villager (Male) |
| 5:28 | Crear | Villager (Male) |
| 5:28 | Crear | Villager (Male) |
| 5:29 | Crear | Villager (Male) |
| 6:12 | Construir | House |
| 6:13 | Construir | House |
| 6:35 | Crear | Villager (Male) |
| 6:35 | Crear | Villager (Male) |
| 6:35 | Crear | Villager (Male) |
| 6:36 | Crear | Villager (Male) |
| 6:42 | Construir | House |
| 6:58 | Crear | Villager (Male) |
| 6:59 | Crear | Villager (Male) |
| 6:59 | Crear | Villager (Male) |
| 8:09 | Construir | Lumber Camp |
| 8:13 | Crear | Villager (Male) |
| 8:13 | Crear | Villager (Male) |
| 8:13 | Crear | Villager (Male) |
| 8:13 | Crear | Villager (Male) |
| 8:13 | Crear | Villager (Male) |
| 8:14 | Crear | Villager (Male) |
| 8:14 | Crear | Villager (Male) |
| 9:09 | Construir | Mining Camp |
| 9:41 | Investigar | Feudal Age |
| 10:44 | Crear | Villager (Male) |
| 10:44 | Crear | Villager (Male) |
| 10:44 | Crear | Villager (Male) |
| 10:45 | Crear | Villager (Male) |
| 10:56 | Construir | Mill |
| 11:42 | Construir | Mining Camp |
| 12:13 | Edad | Edad Feudal |
| 12:37 | Construir | Watch Tower |
| 12:41 | Investigar | Horse Collar |
| 12:44 | Construir | Farm |
| 12:45 | Construir | Farm |
| 12:46 | Construir | Farm |
| 12:47 | Construir | Farm |
| 12:49 | Construir | Farm |
| 12:57 | Investigar | Double-Bit Axe |
| 13:10 | Construir | Farm |
| 13:32 | Construir | Farm |
| 13:53 | Construir | Farm |
| 13:56 | Crear | Villager (Male) |
| 13:56 | Crear | Villager (Male) |
| 13:57 | Crear | Villager (Male) |
| 13:58 | Crear | Villager (Male) |
| 13:58 | Crear | Villager (Male) |
| 14:18 | Construir | Stone Wall |
| 14:19 | Construir | Building 487 |
| 14:22 | Crear | Villager (Male) |
| 14:22 | Crear | Villager (Male) |
| 14:25 | Construir | Farm |
| 14:32 | Construir | Farm |
| 14:44 | Crear | Villager (Male) |
| 14:51 | Construir | House |
| 14:54 | Construir | House |
| 14:55 | Construir | House |
| 15:37 | Construir | Market |
| 16:18 | Construir | Blacksmith |
| 16:44 | Construir | Barracks |
| 17:04 | Construir | House |
| 17:06 | Construir | House |
| 17:15 | Investigar | Castle Age |
| 17:38 | Investigar | Stone Mining |
| 17:41 | Investigar | Gold Mining |
| 19:26 | Crear | Villager (Male) |
| 19:26 | Crear | Villager (Male) |
| 19:26 | Crear | Villager (Male) |
| 19:27 | Crear | Villager (Male) |
| 19:56 | Edad | Edad de los Castillos |
| 20:00 | Construir | Town Center |
| 20:11 | Construir | Town Center |
| 20:30 | Construir | Stable |
| 20:44 | Investigar | Stone Shaft Mining |
| 20:50 | Investigar | Bow Saw |
| 21:19 | Crear | Villager (Male) |
| 21:19 | Crear | Villager (Male) |
| 21:30 | Investigar | Wheelbarrow |
| 22:15 | Construir | Siege Workshop |
| 22:32 | Construir | Castle |
| 22:35 | Crear | Villager (Male) |
| 22:35 | Crear | Villager (Male) |
| 22:35 | Crear | Villager (Male) |
| 22:35 | Crear | Villager (Male) |
| 22:38 | Construir | Farm |
| 22:39 | Construir | Farm |
| 22:40 | Construir | Farm |
| 22:43 | Construir | Farm |
| 22:44 | Construir | Farm |
| 22:46 | Construir | Farm |
| 22:48 | Crear | Villager (Male) |
| 22:48 | Crear | Villager (Male) |
| 22:52 | Crear | Villager (Male) |
| 22:52 | Crear | Villager (Male) |
| 22:52 | Crear | Villager (Male) |
| 23:12 | Crear | Battering Ram |
| 23:32 | Investigar | Squires |
| 23:48 | Crear | Battering Ram |
| 24:03 | Construir | Farm |
| 24:04 | Construir | Farm |
| 24:06 | Construir | Farm |
| 24:08 | Construir | Farm |
| 24:09 | Construir | Farm |
| 24:12 | Construir | Farm |
| 24:14 | Construir | Farm |
| 24:15 | Construir | Farm |
| 24:16 | Construir | Farm |
| 24:18 | Construir | Farm |
| 24:19 | Crear | Villager (Male) |
| 24:20 | Crear | Villager (Male) |
| 24:22 | Crear | Villager (Male) |
| 24:22 | Crear | Villager (Male) |
| 24:38 | Crear | Villager (Male) |
| 24:40 | Crear | Villager (Male) |
| 24:41 | Crear | Villager (Male) |
| 24:57 | Crear | Battering Ram |
| 25:04 | Construir | Farm |
| 25:09 | Crear | Villager (Male) |
| 25:09 | Crear | Villager (Male) |
| 25:14 | Construir | Farm |
| 25:19 | Construir | Farm |
| 25:23 | Construir | Farm |
| 25:24 | Construir | Farm |
| 25:26 | Construir | Mill |
Cronología de la partida
| 0:15 | SuperVilla2000 · wall_segment Palisade Wall x10 |
| 0:33 | rramacci1 · wall_segment Palisade Wall x7 |
| 1:05 | Argetlamrvc · wall_segment Palisade Wall x9 |
| 1:09 | sonhero3000 · wall_segment Palisade Wall x8 |
| 1:57 | rramacci1 · wall_segment Palisade Wall x7 |
| 2:35 | sonhero3000 · wall_segment Palisade Wall x8 |
| 7:02 | SADECE ÖLÜLER GÖRÜR · first_building Dock |
| 10:31 | SADECE ÖLÜLER GÖRÜR · age_up feudal |
| 10:56 | SuperVilla2000 · first_building Dock |
| 11:39 | jannis · age_up feudal |
| 12:13 | sonhero3000 · age_up feudal |
| 12:58 | rramacci1 · age_up feudal |
| 14:18 | sonhero3000 · wall_segment Stone Wall x7 |
| 14:30 | Argetlamrvc · age_up feudal |
| 14:41 | Argetlamrvc · wall_segment Stone Wall x12 |
| 14:44 | Argetlamrvc · wall_segment Stone Wall x5 |
| 14:58 | rramacci1 · wall_segment Stone Wall x8 |
| 16:32 | SuperVilla2000 · first_building Barracks |
| 16:44 | sonhero3000 · first_building Barracks |
| 17:15 | rramacci1 · age_up castle |
| 17:21 | jannis · age_up castle |
| 17:52 | SADECE ÖLÜLER GÖRÜR · age_up castle |
| 18:17 | SADECE ÖLÜLER GÖRÜR · first_market_buy 100 wood |
| 18:27 | rramacci1 · first_building Monastery |
| 19:17 | SuperVilla2000 · first_building Siege Workshop |
| 19:56 | sonhero3000 · age_up castle |
| 20:30 | sonhero3000 · first_building Stable |
| 20:31 | Argetlamrvc · age_up castle |
| 22:15 | sonhero3000 · first_building Siege Workshop |
| 22:32 | sonhero3000 · first_building Castle |
| 22:57 | rramacci1 · first_building Barracks |
| 23:03 | jannis · first_building Monastery |
| 23:50 | SuperVilla2000 · first_building Castle |
| 24:12 | SADECE ÖLÜLER GÖRÜR · first_building Castle |
| 24:30 | SADECE ÖLÜLER GÖRÜR · first_building Monastery |
| 24:52 | rramacci1 · wall_segment Stone Wall x1 |
| 24:57 | rramacci1 · wall_segment Stone Wall x1 |
| 25:00 | rramacci1 · first_building Siege Workshop |
| 25:16 | Argetlamrvc · first_building Monastery |
| 25:35 | jannis · first_building Barracks |
| 25:46 | sonhero3000 · first_market_buy 100 food |
| 25:49 | rramacci1 · wall_segment Stone Wall x7 |
| 25:59 | sonhero3000 · first_building Monastery |
| 26:23 | Argetlamrvc · first_building Siege Workshop |
| 26:24 | jannis · first_building Stable |
| 26:41 | rramacci1 · first_building Castle |
| 27:37 | jannis · first_building Castle |
| 28:23 | SADECE ÖLÜLER GÖRÜR · first_building Barracks |
| 29:43 | Argetlamrvc · first_building Castle |
| 30:36 | SADECE ÖLÜLER GÖRÜR · age_up imperial |
| 31:06 | jannis · age_up imperial |
| 31:08 | SADECE ÖLÜLER GÖRÜR · first_building Archery Range |
| 32:24 | sonhero3000 · first_market_sell 100 stone |
| 33:05 | Argetlamrvc · first_building Barracks |
| 33:09 | rramacci1 · wall_segment Stone Wall x2 |
| 33:32 | Argetlamrvc · age_up imperial |
| 34:03 | Argetlamrvc · first_building Archery Range |
| 34:39 | rramacci1 · tribute_sent a jugador 1 |
| 34:39 | rramacci1 · tribute_sent a jugador 2 |
| 34:39 | rramacci1 · tribute_sent a jugador 3 |
| 34:39 | rramacci1 · tribute_sent a jugador 4 |
| 34:39 | rramacci1 · tribute_sent a jugador 6 |
| 34:50 | rramacci1 · first_market_sell 100 wood |
| 34:56 | rramacci1 · first_market_buy 100 food |
| 36:20 | SuperVilla2000 · first_market_sell 500 food |
| 36:44 | SADECE ÖLÜLER GÖRÜR · first_building Stable |
| 37:28 | sonhero3000 · age_up imperial |
| 38:49 | jannis · first_building Archery Range |
| 39:10 | jannis · first_building Siege Workshop |
| 39:20 | rramacci1 · age_up imperial |
| 39:33 | jannis · first_market_sell 500 wood |
| 40:12 | Argetlamrvc · wall_segment Stone Wall x7 |
| 44:11 | rramacci1 · wall_segment Stone Wall x5 |
| 44:16 | SuperVilla2000 · first_building Stable |
| 47:26 | SADECE ÖLÜLER GÖRÜR · first_market_sell 100 food |
| 49:10 | SuperVilla2000 · resign |
[ ANÁLISIS IA · 1 CRÉDITO ]
¿Qué pasó realmente en esta partida?
Wolo.gg analiza cada decisión: build order, eco, micro, errores típicos por bracket. Análisis personalizado por WhatsApp o Discord en 30 segundos.
Guía civ
Romanos
Guía mapa
Black Forest
Perfil
SuperVilla2000